 Dungeon Crawl Stone Soup version 0.31-a0-542-gdc2a67831c (webtiles) character file.

Game seed: 9954780829598922871

73 Sabo the Trooper (level 4, -1/35 HPs)
             Began as a Demonspawn Berserker on Aug 15, 2023.
             Was a Believer of Trog.
             Slain by a gnoll
             ... wielding a +0 spear
              (5 damage)
             ... on level 2 of the Dungeon.
             The game lasted 00:08:34 (1533 turns).

Sabo the Trooper (Demonspawn Berserker)             Turns: 1533, Time: 00:08:35

Health: -1/35      AC:  5    Str: 20    XL:     4   Next: 8%
Magic:  0/4        EV: 11    Int:  8    God:    Trog [**....]
Gold:   56         SH:  0    Dex: 12    Spells: 3/3 levels left

rFire   . . .        a - +0 hand axe
rCold   . . .        (no shield)
rNeg    . . .        d - +0 ring mail
rPois   .            (no helmet)
rElec   .            (no cloak)
rCorr   .            (no gloves)
SInv    .            (no boots)
Will    .....        b - amulet of guardian spirit
Stlth   +            (no ring)
HPRegen 0.25/turn    (no ring)
MPRegen 0.09/turn

%: guardian spirit
@: no status effects
A: ignite blood 1, sturdy frame 1
a: Renounce Religion, Berserk, Trog's Hand


You were on level 2 of the Dungeon.
You worshipped Trog.
Trog was pleased with you.
You visited 1 branch of the dungeon, and saw 2 of its levels.

You collected 56 gold pieces.

Inventory:

Hand Weapons
 a - a +0 hand axe (weapon)
Armour
 d - a +0 ring mail (worn)
Jewellery
 b - an amulet of guardian spirit (around neck)
Scrolls
 c - a scroll of teleportation
 h - a scroll of fog
 i - a scroll of revelation
Potions
 f - a potion of ambrosia
 g - a potion of invisibility
 j - a potion of curing {unknown}


   Skills:
 + Level 3.5 Fighting
 + Level 3.4 Axes
 + Level 2.5 Armour
 + Level 2.1 Dodging
 + Level 0.1 Stealth


You had 3 spell levels left.
You didn't know any spells.
Your spell library was empty.

Dungeon Overview and Level Annotations

Branches:
Dungeon (2/15)

Altars:


Innate Abilities, Weirdness & Mutations

Your demonic aura sometimes causes spilled blood to erupt in flames.
Your movements are slightly less encumbered by armour. (ER -2)


Message History

Your blood heats up.
You hit the bat but do no damage. The bat hits you but does no damage.
The gnoll barely misses you. The bat closely misses you.
You slash the bat!
You kill the bat!
Trog accepts your kill. The gnoll closely misses you.
The gnoll hits you from afar with a +0 spear!
The gnoll hits you with a +0 club.
You barely miss the gnoll. The gnoll hits you with a +0 club.
The gnoll hits you from afar with a +0 spear!
* * * LOW HITPOINT WARNING * * *
You feel much better. The gnoll hits you with a +0 club.
The gnoll closely misses you.
You barely miss the gnoll. The gnoll barely misses you.
The gnoll hits you from afar with a +0 spear.
You hit the gnoll.
The gnoll is moderately wounded.
The gnoll hits you but does no damage.
The gnoll hits you from afar with a +0 spear.
You hit the gnoll but do no damage.
The gnoll is moderately wounded.
The gnoll hits you with a +0 club.
The gnoll hits you from afar with a +0 spear.
You closely miss the gnoll.
The gnoll is moderately wounded.
The gnoll hits you with a +0 club.
The gnoll hits you from afar with a +0 spear.
* * * LOW HITPOINT WARNING * * *
You hit the gnoll.
The gnoll is severely wounded.
The gnoll misses you.
The gnoll hits you from afar with a +0 spear.
* * * LOW HITPOINT WARNING * * *
You hit the gnoll.
You kill the gnoll!
Trog accepts your kill. The gnoll barely misses you. The rat barely misses you.
The gnoll hits you from afar with a +0 spear.
You die...

####.........#.#.###.#
#.#.#######.......#
... #....##### #+
#.#### ... #.# ....
#.## ..... #..##
......####...##
......r@......#
.....g####...## .....
#..## .... #.## ...
#.# #+ #.# #.# #.#


You could see a gnoll and a rat.

Vanquished Creatures
  Jessica (D:2)
  2 gnolls (D:2)
  A worm (D:2)
  4 ball pythons (D:1)
  3 bats
  3 endoplasms (D:1)
  A giant cockroach (D:1)
  A goblin (D:2)
  3 hobgoblins (D:1)
  4 jackals
  A quokka (D:2)
  2 frilled lizards (D:1)
  4 kobolds
  5 rats
35 creatures vanquished.

Notes
Turn   | Place    | Note
-------+----------+-------------------------------------------
     0 | D:1      | Sabo the Demonspawn Berserker began the quest for the Orb.
     0 | D:1      | Reached XP level 1. HP: 18/18 MP: 1/1
   300 | D:1      | Gained mutation: Your movements are slightly less
                  | encumbered by armour. (ER -2) [demonic ancestry]
   300 | D:1      | Reached XP level 2. HP: 24/24 MP: 2/2
  1072 | D:2      | Reached XP level 3. HP: 25/29 MP: 3/3
  1306 | D:2      | Noticed Jessica
  1325 | D:2      | Killed Jessica
  1523 | D:2      | Reached ** piety under Trog
  1524 | D:2      | Gained mutation: Your demonic aura sometimes causes spilled
                  | blood to erupt in flames. [demonic ancestry]
  1524 | D:2      | Reached XP level 4. HP: 30/35 MP: 1/4
  1533 | D:2      | Slain by a gnoll

Illustrated notes

Levels and vault maps discovered:
D:1:      lightli_arrival_isolated_outpost, layout_loops_ring
D:2:      layout_loops_corners, minmay_split_cup_large, uniq_jessica

Skill      XL: |  1  2  3 |
---------------+----------+-----
Axes           | 3 |  3.4
Armour         | 2 |  2.5
Dodging        | 2 |  2.1
Fighting       | |  3.5
Stealth        | |  0.1

Action                     |  1- 3 |  4- 6 || total
---------------------------+-------+-------++-------
  Melee: Hand axe          |   142 |     9 ||   151
    Use: Scroll            |     6 |       ||     6
         Potion            |     1 |     1 ||     2
 Armour: Ring mail         |    57 |     2 ||    59
  Dodge: Dodged            |    72 |     8 ||    80

Table legend: (Time is in decaauts)
 A = Elapsed time spent in this place.
 B = Non-inter-level travel time spent in this place.
 C = Inter-level travel time spent in this place.
 D = Time resting spent in this place.
 E = Time spent auto-exploring this place.
 F = Levels seen in this place.
 G = Mean time per level.
                   A        B        C        D        E       F      G
               +--------+--------+--------+--------+--------+-----+--------+
         Total |   1580 |   1580 |      0 |    302 |      0 |   2 |  790.0 |
       Dungeon |   1580 |   1580 |      0 |    302 |      0 |   2 |  790.0 |
               +--------+--------+--------+--------+--------+-----+--------+

Top non-repeatable levels by time:
     D:1: 1029 daAuts
     D:2: 550 daAuts
